 Dungeon Crawl Stone Soup version 0.30-a0-335-ge5acde7520 (webtiles) character file.

Game seed: 7035094462432665218

7074 experimilk the Timeless (level 10, -18/80 HPs)
             Began as a Red Draconian Conjurer on Oct 30, 2022.
             Was a High Priest of Cheibriados.
             Demolished by a death knight
             ... wielding a +3 great sword of flaming
              (24 damage)
             ... on level 9 of the Dungeon.
             The game lasted 00:54:25 (15505 turns).

experimilk the Timeless (Red Draconian Conjurer)   Turns: 15505, Time: 00:54:25

Health: -18/80     AC: 11    Str: 24    XL:     10   Next: 84%
Magic:  20/20      EV: 15    Int: 37    God:    Cheibriados [*****.]
Gold:   409        SH:  5    Dex: 23    Spells: 4/23 levels left

rFire   + . .      SeeInvis .    y - +2 falchion (holy)
rCold   . . .      Faith    .    (no shield)
rNeg    . . .      Spirit   .    (body armour unavailable)
rPois   .          Reflect  +    (helmet restricted)
rElec   .          Harm     .    (no cloak)
rCorr   .          Rampage  .    (no gloves)
Will    +....                    (no boots)
Stlth   +++.......               F - amulet of reflection
HPRegen 0.33/turn                n - ring of willpower
MPRegen 0.17/turn                G - +4 ring of protection

@: short of breath, very slow
A: breathe fire, AC +7, unfitting armour, fire resistance 1, cold-blooded
a: Breathe Fire, Renounce Religion, Bend Time, Temporal Distortion, Slouch, Step
From Time


You were on level 9 of the Dungeon.
You worshipped Cheibriados.
Cheibriados was extremely pleased with you.
You visited 1 branch of the dungeon, and saw 9 of its levels.
You also visited: Sewer.

You collected 409 gold pieces.

Inventory:

Hand Weapons
 y - a +2 falchion of holy wrath (weapon)
 B - a +2 falchion of freezing
 J - a +2 scimitar of freezing
Armour
 v - a scarf of shadows
 O - +0 acid dragon scales
Magical Staves
 C - a staff of fire
Jewellery
 e - an amulet of the acrobat
 n - a ring of willpower (left hand)
 q - a ring of ice
 F - an amulet of reflection (around neck)
 G - a +4 ring of protection (right hand)
Wands
 s - a wand of light (7)
 u - a wand of paralysis (52)
 x - a wand of polymorph (19)
 L - a wand of iceblast (13)
Scrolls
 b - a scroll of brand weapon
 j - 2 scrolls of poison
 m - a scroll of teleportation
 t - a scroll of summoning {unknown}
 A - a scroll of magic mapping
 D - 5 scrolls of immolation {unknown}
 E - 2 scrolls of enchant weapon
 H - a scroll of acquirement {unknown}
 I - a scroll of fog {unknown}
 K - a scroll of amnesia {unknown}
 M - a scroll of blinking {unknown}
 N - a scroll of enchant armour {unknown}
Potions
 a - a potion of berserk rage {unknown}
 c - 3 potions of magic
 d - a potion of flight
 f - 2 potions of attraction
 h - a potion of experience {unknown}
 i - 3 potions of cancellation
 k - 5 potions of mutation
 l - a potion of lignification
 o - 2 potions of heal wounds
 p - 3 potions of curing
 r - 2 potions of resistance {unknown}
 z - 3 potions of haste {unknown}


   Skills:
 + Level 4.5 Fighting
 - Level 4.0 Dodging
 - Level 2.3 Stealth
 + Level 7.1 Spellcasting
 - Level 8.0 Conjurations
 - Level 8.0 Translocations
 * Level 9.6 Invocations


You had 4 spell levels left.
You knew the following spells:

 Your Spells              Type           Power      Damage    Failure   Level
a - Teleport Other        Tloc           64%        N/A       1%          3
b - Magic Dart            Conj           100%       1d8       1%          1
c - Iskenderun's Mystic   Conj/Tloc      64%        2d13      1%          4
d - Gell's Gravitas       Tloc           64%        N/A       1%          3
s - Lesser Beckoning      Tloc           100%       N/A       1%          3
x - Dazzling Flash        Conj/Hex       84%        N/A       1%          3
z - Searing Ray           Conj           100%       2d8       1%          2

Your spell library contained the following spells:

 Spells                   Type           Power      Damage    Failure   Level
 Mephitic Cloud           Conj/Pois/Air  32%        N/A       3%          3
 Cigotuvi's Dreadful Rot  Necr/Pois/Air  26%        N/A       4%          2
 Poisonous Vapours        Pois/Air       26%        N/A       4%          2
 Fulminant Prism          Conj/Hex       21%        3d12      5%          4


Dungeon Overview and Level Annotations

Branches:
Dungeon (9/15)             Temple (0/1) D:6            Lair (0/5) D:9
  Sewer (visited)
    Orc: D:9-12

Altars:
Ashenzari
Cheibriados
Makhleb
Okawaru
Qazlal
Vehumet
Wu Jian
Xom
The Shining One

Shops:
D:5 :


Innate Abilities, Weirdness & Mutations

You can breathe blasts of fire.
Your fiery red scales are hard. (AC +7)
You cannot fit into any form of body armour.
Your flesh is heat resistant. (rF+)
You are cold-blooded and may be slowed by cold attacks.


Message History

The searing ray hits the death knight but does no damage.
The death knight is severely wounded.
You finish channelling your searing ray.
The death knight hits you with a +3 great sword of flaming!!
* * * LOW HITPOINT WARNING * * *
Unknown command.
You warp the flow of time around you!
Cheibriados lowers the support of your attributes as your movement quickens.
Unknown command.
You feel much better.
You are confused.
You feel invigorated.
The death knight mumbles some strange prayers to Yredelemnul against you.
You resist with some effort. Magic courses through your body.
You're too confused to cast spells.
You're too confused to cast spells.
You bump into the rock wall.
You feel less invigorated.
You feel less confused.
You barely miss the death knight.
You tail-slap the death knight, but do no damage.
The death knight is heavily wounded.
The death knight offers itself to Yredelemnul, and fills with unholy energy.
The death knight hits you with a +3 great sword of flaming!!
The death knight burns you.
Unknown command.
You hit the death knight but do no damage.
The death knight is heavily wounded.
The death knight hits you with a +3 great sword of flaming!!
* * * LOW HITPOINT WARNING * * *
Unknown command.
Drinking this now will have no effect.
Read: scroll of fear
Press: ? - help, Q - select action, (/) - cycle Dir - look around, f - activate Look: a death knight, wielding a +3 great sword of flaming and wearing a +0 chain mail (heavily wounded, reflecting injuries, chance to affect: 64%)
As you read the scroll of fear, it crumbles to dust.
You assume a fearsome visage.
The death knight resists with almost no effort.
The death knight hits you with a +3 great sword of flaming!!
You die... .# .####.... .. #P.PP

.# #..PP [#
##...
#.######.#
#...
#........#####
##.. #......#
###
###p'###... #
#.@.#†.#
###.#.#.##
#.....# .
#.###.# ## #.#
#.# #.# #.#
#.# #.# #.#
#.# #.# #.#


You could see a death knight (reflects damage).

Vanquished Creatures
  A boulder beetle (D:9)
  Maurice (D:9)
  A troll (D:7)
  Grinder (D:6)
  A wyvern (D:8)
  5 water moccasins
  An acid dragon (D:9)
  An ice beast (D:7)
  2 sky beasts
  2 black bears
  5 orc warriors
  3 ogres (D:5)
  3 centaurs
  5 kobold brigands
  5 scorpions
  8 bullfrogs
  12 wights
  10 killer bees
  3 electric eels (D:9)
  2 howler monkeys (D:4)
  3 hounds
  4 jellies
  5 orc priests
  4 iguanas
  Jessica (D:2)
  Ijyb (D:3)
  Natasha (thrice) (D:3)
  9 orc wizards
  10 gnolls
  7 river rats
  7 adders
  A shadow imp (D:5)
  A white imp (D:5)
  6 worms
  5 dart slugs
  25 orcs
  4 bats
  7 endoplasms
  3 giant cockroaches
  7 goblins
  9 hobgoblins
  3 jackals (D:1)
  33 kobolds
  4 quokkas
  13 ball pythons
  5 frilled lizards
  24 rats
276 creatures vanquished.

Vanquished Creatures (others)
  15 fungi (D:9)
  46 plants (D:9)
61 creatures vanquished.

Grand Total: 337 creatures vanquished

Notes
Turn   | Place    | Note
-------+----------+-------------------------------------------
     0 | D:1      | experimilk the Draconian Conjurer began the quest for the
                  | Orb.
     0 | D:1      | Reached XP level 1. HP: 14/14 MP: 3/3
   286 | D:1      | Reached XP level 2. HP: 20/20 MP: 1/5
   490 | D:1      | Learned a level 2 spell: Searing Ray
   763 | D:1      | Reached XP level 3. HP: 22/26 MP: 0/6
   822 | D:1      | Learned a level 3 spell: Dazzling Flash
  1218 | D:2      | Noticed Jessica
  1222 | D:2      | Killed Jessica
  1383 | D:2      | Found a snail-covered altar of Cheibriados.
  1391 | D:2      | Became a worshipper of Cheibriados the Contemplative
  1593 | D:2      | Reached XP level 4. HP: 33/33 MP: 1/8
  2079 | D:3      | Noticed Ijyb
  2080 | D:3      | Noticed Natasha
  2478 | D:3      | Killed Natasha
  2732 | D:3      | Reached skill level 1 in Fighting
  2732 | D:3      | Reached skill level 5 in Conjurations
  2872 | D:3      | Reached XP level 5. HP: 35/40 MP: 5/9
  2931 | D:3      | Learned a level 4 spell: Iskenderun's Mystic Blast
  2937 | D:3      | Reached * piety under Cheibriados
  2939 | D:3      | Noticed Natasha
  2942 | D:3      | Killed Natasha
  3033 | D:3      | Found a broken altar of Ashenzari.
  3086 | D:3      | Identified the +6 flail of Defence {vorpal, Will+ rCorr
                  | Dex+7}
  3314 | D:3      | Noticed Natasha
  3318 | D:3      | Killed Natasha
  3415 | D:3      | Reached skill level 1 in Invocations
  3440 | D:3      | Found a stormy altar of Qazlal.
  3444 | D:3      | Found a burning altar of Makhleb.
  3548 | D:3      | Paralysed by Ijyb for 4 turns
  3553 | D:3      | Killed Ijyb
  3692 | D:4      | Reached XP level 6. HP: 47/47 MP: 4/11
  3743 | D:4      | Reached skill level 2 in Invocations
  3954 | D:4      | Reached skill level 1 in Translocations
  3966 | D:4      | Reached ** piety under Cheibriados
  4278 | D:4      | Reached skill level 3 in Invocations
  4278 | D:4      | Your scales start taking on a fiery red colour.
  4278 | D:4      | Reached XP level 7. HP: 41/52 MP: 3/12
  4278 | D:4      | Gained mutation: Your flesh is heat resistant. (rF+) [Red
                  | Draconian growth]
  4458 | D:4      | Learned a level 3 spell: Teleport Other
  4492 | D:4      | Found an iron altar of Okawaru.
  4772 | D:5      | Entered Level 5 of the Dungeon
  4865 | D:5      | Reached skill level 4 in Invocations
  4866 | D:5      | Found Vion's Book Boutique.
  5122 | D:5      | Found a glowing drain.
  5126 | Sewer    | Entered a sewer
  5552 | Sewer    | Reached *** piety under Cheibriados
  5659 | Sewer    | Reached XP level 8. HP: 59/59 MP: 7/14
  6329 | Sewer    | Reached **** piety under Cheibriados
  7173 | D:5      | Reached skill level 5 in Invocations
  7684 | D:5      | Reached skill level 6 in Invocations
  7937 | D:6      | Found an ornate altar of the Wu Jian Council.
  8100 | D:6      | Reached skill level 7 in Invocations
  8136 | D:6      | Reached XP level 9. HP: 67/67 MP: 6/15
  8155 | D:6      | Reached ***** piety under Cheibriados
  8435 | D:6      | Reached skill level 5 in Spellcasting
  8458 | D:6      | Reached skill level 8 in Invocations
  8570 | D:6      | Learned a level 3 spell: Lesser Beckoning
  8586 | D:6      | Found a glowing golden altar of the Shining One.
  9031 | D:6      | Found a staircase to the Ecumenical Temple.
  9033 | D:6      | Noticed Grinder
  9037 | D:6      | Killed Grinder
  9200 | D:6      | Learned a level 3 spell: Gell's Gravitas
 10569 | D:7      | Reached skill level 5 in Translocations
 10772 | D:7      | Noticed a troll
 10783 | D:7      | Killed a troll
 11401 | D:7      | Reached XP level 10. HP: 78/78 MP: 14/19
 11594 | D:7      | Found a shimmering altar of Xom.
 11717 | D:7      | Noticed a deep elf pyromancer
 14057 | D:8      | Reached ****** piety under Cheibriados
 14361 | D:9      | Found a radiant altar of Vehumet.
 14671 | D:9      | Found a staircase to the Lair.
 14767 | D:9      | Noticed a death knight
 14949 | D:9      | Noticed Maurice
 14963 | D:9      | Killed Maurice
 14964 | D:9      | Reached skill level 9 in Invocations
 15456 | D:9      | Noticed a boulder beetle
 15477 | D:9      | Killed a boulder beetle
 15505 | D:9      | Demolished by a death knight

Illustrated notes

Levels and vault maps discovered:
D:1:      matt_arrival_refuge, layout_loops_cross, hangedman_decor_opposing
D:2:      layout_loops_ring, basic_altar, uniq_jessica
D:3:      layout_rooms, mainiacjoe_overflow_large_starburst,
          evilmike_ruin_ashenzari, minmay_misc_feat_ornament, uniq_natasha,
          uniq_ijyb
D:4:      layout_basic, old_standard_altar
D:5:      minmay_clustersquares, layout_gridville, lightli_sewer_entry_pipes,
          serial_shops, shop
D:6:      layout_loops_ring, mainiacjoe_overflow_cross_hatched,
          mainiacjoe_overflow_brackets, minmay_temple_entry_hall, uniq_grinder
D:7:      layout_rooms, tgw_xom, lightli_corner_chamber
D:8:      layout_gridville
D:9:      minmay_the_grid_triangle_9x9_rhombus_thin
          [minmay_the_grid_triangle_9x9_corruption,
          minmay_the_grid_triangle_9x9_prize_special,
          minmay_the_grid_triangle_9x9_from_above,
          minmay_the_grid_triangle_9x9_sprig], layout_loops_ring,
          lemuel_round_altar, grunt_lair_entry_orc_guard_hut, serial_bayou,
          serial_bayou_shore_b, serial_bayou_pond_d, serial_bayou_pond_e,
          serial_bayou_lake_a, minmay_bent, uniq_maurice

Skill      XL: |  1  2  3  4  5  6  7  8  9 10 |
---------------+-------------------------------+-----
Stealth        | 2 |  2.3
Dodging        | 2 3 4 |  4.0
Fighting       | 1 2 3 4 |  4.5
Conjurations   | 5 6 8 |  8.0
Spellcasting   | 3 4 6 7 |  7.1
Invocations    | 1 3 4 7 8 9 |  9.6
Translocations | 1 3 4 6 8 |  8.0

Action                   |  1- 3 |  4- 6 |  7- 9 | 10-12 || total
-------------------------+-------+-------+-------+-------++-------
Melee: Unarmed           |    49 |       |       |       ||    49
       Tailslap          |    11 |     3 |     5 |     4 ||    23
       Short sword       |       |    22 |     4 |       ||    26
       Falchion          |       |       |    69 |    20 ||    89
 Cast: Magic Dart        |    61 |    63 |   136 |    40 ||   300
       Searing Ray       |     1 |    20 |    50 |    30 ||   101
       Iskenderun's Myst |       |     1 |    16 |    22 ||    39
       Dazzling Flash    |       |       |     1 |     3 ||     4
       Teleport Other    |       |       |     2 |     2 ||     4
       Gell's Gravitas   |       |       |     1 |     1 ||     2
       Lesser Beckoning  |       |       |       |     4 ||     4
Invok: Bend Time         |       |     2 |     2 |     3 ||     7
       Temporal Distorti |       |       |       |     1 ||     1
 Abil: Breathe Fire      |       |       |    11 |    10 ||    21
Evoke: Wand              |       |     1 |       |     2 ||     3
  Use: Scroll            |     2 |     6 |     4 |     3 ||    15
       Potion            |       |     1 |     1 |    10 ||    12
Armor: Skin              |    14 |     2 |    36 |    22 ||    74
Dodge: Dodged            |    28 |    29 |   121 |    65 ||   243
Block: Other             |       |       |       |    17 ||    17
       Reflection        |       |       |       |     1 ||     1

Table legend: (Time is in decaauts)
 A = Elapsed time spent in this place.
 B = Non-inter-level travel time spent in this place.
 C = Inter-level travel time spent in this place.
 D = Time resting spent in this place.
 E = Time spent auto-exploring this place.
 F = Levels seen in this place.
 G = Mean time per level.
                   A        B        C        D        E       F      G
               +--------+--------+--------+--------+--------+-----+--------+
         Total |  18753 |  18073 |    680 |   8422 |   5920 |  10 | 1875.3 |
       Dungeon |  16946 |  16266 |    680 |   7502 |   5300 |   9 | 1882.9 |
         Sewer |   1807 |   1807 |      0 |    920 |    620 |   1 | 1807.0 |
               +--------+--------+--------+--------+--------+-----+--------+

Top non-repeatable levels by time:
     D:6: 3007 daAuts
     D:8: 2844 daAuts
     D:5: 2130 daAuts
     D:7: 1879 daAuts
   Sewer: 1807 daAuts
     D:9: 1657 daAuts
     D:3: 1518 daAuts
     D:4: 1385 daAuts
     D:2: 1323 daAuts
     D:1: 1199 daAuts
